 Dungeon Crawl Stone Soup version 0.15-a0-1363-g87d8b17 (webtiles) character file.

373 SpectralSocks the Shield-Bearer (level 6, -3/56 HPs)
             Began as a Minotaur Fighter on June 9, 2014.
             Slain by an ogre
             ... wielding a +0,+0 giant spiked club
              (15 damage)
             ... on Level 3 of the Dungeon.
             The game lasted 00:13:58 (3168 turns).

SpectralSocks the Shield-Bearer (Minotaur Fighter)  Turns: 3168, Time: 00:13:59

HP  -3/56        AC  7     Str 23      XL: 6   Next: 43%
MP   3/3         EV  7     Int  5      God:
Gold 197         SH 10     Dex  9      Spells:  0 memorised,  5 levels left

rFire  . . .     SeeInvis .     k - +0,-3 whip (curse)
rCold  + . .     Clarity  .     b - +0 scale mail
rNeg   . . .     rCorr    .     c - +0 shield
rPois  .         rRot     .     (helmet restricted)
rElec  .         Spirit   .     (no cloak)
SustAb .         Warding  .     (no gloves)
rMut   .         Stasis   .     (no boots)
Gourm  .                        (no amulet)
MR     .....                    (no ring)
                                i - ring of protection from cold

@: not resistant to hostile enchantments, extremely unstealthy
A: retaliatory headbutt, horns 2
a: no special abilities


You were on level 3 of the Dungeon.
You were not hungry.

You visited 1 branch of the dungeon, and saw 4 of its levels.

You collected 197 gold pieces.

Inventory:

Hand weapons
 a - a +0,+0 flail
 k - a cursed +0,-3 whip (weapon)
Armour
 b - a +0 scale mail (worn)
 c - a +0 shield (worn)
 g - a +1 leather armour of fire resistance
Comestibles
 d - 3 bread rations
 f - 2 rotting chunks of worker ant flesh
 h - 3 meat rations
Scrolls
 e - a scroll of remove curse
 l - a scroll of recharging
 m - a scroll of immolation {unknown}
 n - a scroll of magic mapping {unknown}
Jewellery
 i - a ring of protection from cold (left hand)
 j - a -3,-4 ring of slaying


   Skills:
 * Level 5.1 Fighting
 * Level 4.5 Maces & Flails
 + Level 4.8 Armour
 + Level 2.3 Dodging
 + Level 0.1 Stealth
 + Level 5.2 Shields


You had 5 spell levels left.
You didn't know any spells.

Dungeon Overview and Level Annotations

Branches:
Dungeon (4/15)
 Temple: D:4-7

Altars:
Dithmenos
Kikubaaqudgha
Makhleb
Nemelex Xobeh
Qazlal
Xom
The Shining One


Innate Abilities, Weirdness & Mutations

You reflexively headbutt those who attack you in melee.
You have a pair of horns on your head.


Message History

Your shield and scale mail prevent you from hitting the ogre.
Your headbutt misses the ogre.
The ogre is lightly wounded.
The ogre barely misses you.
You hit the ogre but do no damage.
The ogre is lightly wounded.
You hit the ogre.
The ogre is moderately wounded.
The ogre hits you with a giant spiked club!!
You hit the ogre.
The ogre is moderately wounded.
The ogre hits you with a giant spiked club!!
* * * LOW HITPOINT WARNING * * *
You climb upwards.
There is a stone staircase leading down here.
Things that are here:
a robe; a dagger; a rotting orc corpse Unknown command.
The ogre hits you with a giant spiked club!
You die...

#....#...#####
#.####.......#
#.##########.######
#..............#...
##############.#.##.#(..
#....#............#.#...
#.##.#.#####.#.#..#.#...
#.##.#O#.......#........
##.##.#>@................
#...(.#[##.##............
#..####.##.........#.####
#.......[................
#.########........##.####
#.....# #........##.##..
#####'####...........##..
#.....................
#.....................


You could see an ogre.

Vanquished Creatures
  3 crimson imps (D:3)
  3 iron imps (D:3)
  An orc wizard (D:3)
  A worker ant (D:3)
  5 adders
  2 worms
  3 giant geckos
  3 orcs (D:3)
  2 ball pythons
  4 bats
  7 giant cockroaches
  7 hobgoblins
  7 jackals
  9 kobolds
  An ooze (D:1)
  2 quokkas
  5 giant newts
  5 goblins
  12 rats
82 creatures vanquished.

Notes
Turn   | Place    | Note
--------------------------------------------------------------
     0 | D:1      | SpectralSocks, the Minotaur Fighter, began the quest for the Orb.
     0 | D:1      | Reached XP level 1. HP: 19/19 MP: 1/1
   121 | D:1      | Reached XP level 2. HP: 20/27 MP: 1/1
   217 | D:1      | Reached skill level 4 in Shields
   572 | D:2      | Reached XP level 3. HP: 33/33 MP: 2/2
   608 | D:2      | Found a sparkling altar of Nemelex Xobeh.
   721 | D:2      | Found a shadowy altar of Dithmenos.
   944 | D:2      | Found an ancient bone altar of Kikubaaqudgha.
   944 | D:2      | Found a stormy altar of Qazlal.
  1352 | D:2      | Reached XP level 4. HP: 26/41 MP: 2/2
  2131 | D:3      | Found a glowing golden altar of the Shining One.
  2209 | D:3      | Found a burning altar of Makhleb.
  2251 | D:3      | Reached XP level 5. HP: 29/47 MP: 2/2
  2277 | D:3      | Reached skill level 1 in Dodging
  2441 | D:3      | Found a shimmering altar of Xom.
  2510 | D:3      | Reached skill level 5 in Shields
  2688 | D:3      | Reached skill level 5 in Fighting
  2688 | D:3      | Reached XP level 6. HP: 52/56 MP: 3/3
  3168 | D:3      | Slain by an ogre

Action                   |  1- 3 |  4- 6 || total
-------------------------+-------+-------++-------
Melee: Flail             |   125 |    38 ||   163
       Whip              |       |   148 ||   148
  Use: Scroll            |     3 |       ||     3
       Potion            |     1 |     1 ||     2
